Map: Lightshade LE

Players

TIME (Oliveira)

  • Race: Terran Terran
  • League: Grandmaster

SpeCial - Winner!

  • Race: Terran Terran
  • League: Master

Event: TSL 7

VOD

Have the link to the VOD?

Description

Time

  • Played on: June 19, 2021, 1:04 p.m.
  • Length: 11:18

All games in this series

Show
View Real Time Build Order
Export as new Build Order

TIME Terran 

Build Orders:  

Get SALT Encoding   

  12  0:00  SCV  
  13  0:12  SCV  
  14  0:17  Supply Depot  
  14  0:24  SCV  
  15  0:38  SCV  
  15  0:40  Barracks  
  16  0:43  Refinery  
  16  0:50  SCV  
  16  0:53  Refinery  
  17  1:02  SCV  
  18  1:14  SCV  
  19  1:27  Reaper  
  19  1:28  Orbital Command  
  19  1:30  Supply Depot  
  20  1:42  Factory  
  20  1:53  Bunker  
  20  1:57  SCV  
  20  1:59  Marine  
  22  2:09  SCV  
  22  2:17  Marine  
  22  2:21  SCV  
  23  2:27  Hellion  
  25  2:33  SCV  
  25  2:35  Starport, Marine  
  27  2:43  Supply Depot  
  27  2:45  SCV  
  27  2:49  Hellion  
  30  2:57  Barracks Tech Lab  
  30  2:58  SCV  
  33  3:24  Factory Tech Lab  
  33  3:25  Raven  
  32  3:27  SCV  
  32  3:30  Barracks Reactor  
  33  3:34  Command Center  
  33  3:39  SCV  
  33  3:41  Supply Depot  
  34  3:43  Cyclone  
  37  3:51  SCV  
  38  4:00  Refinery  
  38  4:03  SCV  
  38  4:07  Marine x2  
  41  4:14  Starport Reactor  
  41  4:16  SCV  
  41  4:17  Siege Tank  
  41  4:29  SCV  
  41  4:30  Barracks  
  42  4:33  Barracks  
  42  4:39  Marine  
  42  4:40  Stimpack  
  42  4:41  SCV  
  42  5:01  SCV  
  42  5:05  Starport Reactor  
  43  5:11  Engineering Bay  
  43  5:13  Siege Tank  
  45  5:14  SCV  
  45  5:16  Marine  
  45  5:18  Orbital Command  
  45  5:20  Marine x2  
  43  5:30  SCV  
  44  5:35  Marine x2  
  44  5:40  Engineering Bay  
  44  5:41  Marine x2  
  48  5:43  SCV  
  48  5:44  SCV  
  48  5:49  Marine  
  47  5:55  Siege Tank  
  47  5:56  SCV  
  51  5:58  Marine, Terran Infantry Weapons Level 1  
  51  6:00  SCV  
  51  6:01  Marine x2  
  55  6:08  Marine, Supply Depot  
  55  6:11  SCV  
  57  6:12  SCV  
  57  6:15  Medivac  
  60  6:18  Medivac  
  60  6:24  Combat Shield  
  62  6:28  Supply Depot  
  62  6:29  Marine x3  
  62  6:32  SCV x2  
  67  6:34  Marine  
  67  6:39  Marine  
  69  6:47  Supply Depot  
  69  6:49  SCV  
  69  6:50  Siege Tank  
  69  6:51  Marine x2  
  69  6:52  Supply Depot  
  69  6:54  Marine  
  75  6:56  Marine  
  75  6:59  Marine  
  78  7:09  SCV, Medivac x2  
  78  7:10  SCV  
  78  7:12  Marine x2  
  78  7:13  Supply Depot  
  84  7:19  Marine  
  84  7:20  Marine x2  
  84  7:21  SCV  
  88  7:24  SCV  
  89  7:30  Marine x2  
  89  7:31  Siege Tank  
  89  7:35  SCV  
  89  7:36  SCV  
  96  7:37  Marine  
  96  7:40  Supply Depot  
  96  7:41  Marine x2  
  99  7:48  Marine x2  
  101  7:52  Terran Infantry Armor Level 1  
  101  7:55  Marine  
  102  7:59  Marine  
  82  8:08  Marine x2  
  82  8:09  Siege Tank  
  82  8:11  SCV  
  85  8:12  Command Center  
  85  8:14  Marine  
  85  8:16  Marine  
  86  8:23  Marine  
  86  8:25  Liberator  
  86  8:26  Marine x2, Medivac  
  91  8:28  SCV  
  91  8:32  Marine  
  91  8:33  SCV  
  91  8:44  Marine x2  
  91  8:45  Siege Tank  
  94  8:49  SCV  
  94  8:52  Marine x2  
  94  8:54  Marine  
  89  8:56  SCV  
  89  9:02  Marine  
  91  9:03  SCV  
  91  9:05  Barracks x2  
  91  9:08  SCV, Marine  
  94  9:10  Refinery  
  94  9:14  Viking  
  94  9:16  Marine  
  97  9:19  Siege Tank  
  97  9:20  SCV  
  97  9:21  SCV  
  102  9:26  Viking  
  102  9:27  Marine  
  102  9:28  SCV  
  97  9:40  Marine  
  97  9:44  Marine x2  
  94  9:48  SCV  
  94  9:49  SCV  
  81  10:04  Marine x2  
  75  10:07  Marine  
  75  10:11  Marine  
  75  10:12  SCV  
  71  10:14  Orbital Command  
  71  10:16  Barracks Tech Lab x2  
  71  10:19  SCV  
  73  10:22  Marine x2  
  73  10:23  Siege Tank  
  73  10:26  SCV, Marine  
  79  10:30  Marauder  
  79  10:31  SCV  
  79  10:32  Marine  
  80  10:35  Marauder  
  80  10:38  Marauder  
  81  10:43  SCV x2  
  81  10:44  SCV  
  81  10:47  Marine  
  81  10:48  Marine x2  
  87  10:55  SCV x2, Marine x2  
  87  10:57  SCV  
Show
View Real Time Build Order
Export as new Build Order

SpeCial Terran - Winner!

Build Orders: 2 Factory, Mech 

Get SALT Encoding   

  12  0:00  SCV  
  13  0:12  SCV  
  14  0:19  Supply Depot  
  14  0:24  SCV  
  15  0:41  SCV, Barracks  
  16  0:45  Refinery  
  16  0:53  SCV  
  16  0:56  Refinery  
  17  1:05  SCV  
  18  1:17  SCV  
  19  1:28  Reaper  
  19  1:29  Orbital Command  
  20  1:36  Supply Depot  
  20  1:43  Factory  
  20  1:55  SCV  
  20  2:00  Reaper  
  22  2:07  SCV  
  23  2:19  SCV  
  22  2:30  Hellion  
  22  2:34  SCV, Command Center  
  25  2:42  Factory  
  25  2:46  SCV  
  26  2:53  Factory Tech Lab, Supply Depot  
  26  2:58  SCV  
  27  3:10  SCV  
  27  3:12  Cyclone  
  31  3:23  SCV  
  31  3:26  Mag-Field Accelerator  
  32  3:30  Factory Tech Lab  
  32  3:35  SCV  
  33  3:41  Refinery  
  33  3:44  Cyclone  
  33  3:45  Orbital Command  
  33  3:47  SCV  
  37  3:57  Cyclone  
  37  3:59  SCV  
  41  4:11  SCV  
  41  4:15  SCV  
  41  4:16  Cyclone  
  46  4:23  SCV  
  47  4:27  SCV  
  48  4:34  Command Center  
  48  4:35  SCV  
  49  4:41  SCV  
  49  4:43  Cyclone  
  53  4:47  SCV  
  52  4:53  SCV  
  52  4:59  SCV  
  54  5:04  Supply Depot  
  54  5:10  Barracks  
  54  5:11  SCV  
  54  5:18  SCV, Cyclone  
  52  5:23  SCV  
  52  5:25  Cyclone  
  56  5:29  Supply Depot  
  56  5:30  Refinery, SCV  
  56  5:35  SCV  
  58  5:42  SCV  
  59  5:47  SCV  
  60  5:50  Cyclone  
  60  5:51  SCV  
  60  5:54  SCV  
  65  5:57  Starport  
  65  5:58  Engineering Bay  
  65  5:59  SCV  
  65  6:00  Cyclone  
  66  6:06  Barracks Reactor, SCV  
  66  6:07  Factory  
  66  6:11  Orbital Command, SCV  
  67  6:18  SCV  
  69  6:22  Siege Tank  
  69  6:23  Refinery, SCV  
  69  6:24  Refinery  
  73  6:30  SCV  
  73  6:32  Siege Tank  
  77  6:35  SCV  
  77  6:37  SCV, Starport Reactor  
  77  6:38  Missile Turret  
  79  6:41  Missile Turret  
  79  6:42  SCV  
  79  6:44  Sensor Tower  
  80  6:47  SCV  
  80  6:49  SCV  
  80  6:50  Missile Turret  
  82  6:54  SCV  
  83  7:04  Armory  
  83  7:07  Widow Mine  
  84  7:09  Widow Mine, SCV, Siege Tank x2  
  93  7:24  Supply Depot  
  93  7:25  Supply Depot  
  93  7:26  Missile Turret  
  93  7:27  SCV x3  
  93  7:28  Hellion  
  98  7:30  Hellion  
  100  7:39  SCV  
  101  7:45  Siege Tank x2  
  101  7:46  Liberator x2  
  113  7:54  Supply Depot  
  113  7:57  SCV x2  
  104  8:10  Hellion x2  
  104  8:11  Orbital Command  
  108  8:18  Siege Tank x2  
  105  8:26  SCV x2  
  105  8:29  Viking x2  
  104  8:43  SCV x3  
  104  8:46  Hellion x2  
  105  8:50  Siege Tank  
  105  8:55  SCV  
  108  8:56  Refinery  
  108  8:59  Viking x2  
  108  9:09  Sensor Tower  
  108  9:10  Factory  
  108  9:11  Factory  
  108  9:17  SCV x2  
  108  9:19  Supply Depot, Siege Tank  
  108  9:23  SCV  
  114  9:27  Supply Depot  
  114  9:29  SCV, Viking x2  
  119  9:33  Hellion x2, Siege Tank  
  107  9:44  SCV x2  
  96  9:49  SCV  
  95  9:54  Hellion  
  95  9:56  SCV x2, Siege Tank  
  95  9:59  Viking x2  
  98  10:01  SCV  
  94  10:08  SCV  
  94  10:09  SCV  
  94  10:13  Sensor Tower  
  95  10:16  SCV  
  95  10:20  SCV  
  95  10:21  SCV  
  98  10:28  SCV  
  99  10:29  Hellion  
  99  10:30  Factory Tech Lab, Hellion  
  99  10:32  SCV  
  99  10:33  SCV  
  105  10:40  SCV  
  103  10:44  SCV  
  103  10:45  SCV  
  108  10:51  Hellion x2  
  108  10:52  SCV  
  113  11:01  Factory Tech Lab  
Tags
 
Composition
Mech
Event
TSL 7
Matchup
TvT
Opening
2 Factory
Race
Terran
Add a new tag
Caveats
  • Supply blocks, unpowered buildings, or Contaminate may cause inaccurate times.
  • Supply counts are checked every 10 seconds.